 Dungeon Crawl Stone Soup version 0.28.0-43-g3370ac3207 (webtiles) character file.

Game seed: 11844481246254197362

2 combatraven the Caller (level 1, -1/13 HPs)
             Began as a Barachi Summoner on Mar 13, 2022.
             Slain by a rat (2 damage)
             ... on level 1 of the Dungeon on Mar 15, 2022.
             The game lasted 00:03:36 (163 turns).

combatraven the Caller (Barachi Summoner)            Turns: 163, Time: 00:03:36

Health: -1/13      AC:  2    Str:  9    XL:     1   Next: 40%
Magic:  3/3        EV: 12    Int: 15    God:
Gold:   11         SH:  0    Dex: 12    Spells: 3/4 levels left

rFire   . . .      SeeInvis .   b - +0 whip
rCold   . . .      Faith    .   (no shield)
rNeg    . . .      Spirit   .   a - +0 robe
rPois   .          Reflect  .   (no helmet)
rElec   .          Harm     .   (no cloak)
rCorr   .          Rampage  .   (no gloves)
Will    .....                   (no boots)
Stlth   ++........              (no amulet)
HPRegen 0.04/turn               (no ring)
MPRegen 0.08/turn               (no ring)

@: slow
A: amphibious, slowness 1, strong legs 1, +LOS
a: Hop


You were on level 1 of the Dungeon.
You visited 1 branch of the dungeon, and saw 1 of its levels.

You collected 11 gold pieces.

Inventory:

Hand Weapons
 b - a +0 whip (weapon)
Armour
 a - a +0 robe (worn)


   Skills:
 + Level 0.2 Maces & Flails
 + Level 2.1 Dodging
 + Level 1.7 Stealth
 + Level 2.1 Spellcasting
 + Level 5.0 Summonings


You had 3 spell levels left.
You knew the following spells:

 Your Spells              Type           Power      Damage    Failure   Level
a - Summon Small Mammal   Summ           64%        N/A       2%          1

Your spell library contained the following spells:

 Spells                   Type           Power      Damage    Failure   Level
 Call Imp                 Summ           16%        N/A       4%          2
 Call Canine Familiar     Summ           16%        N/A       9%          3
 Summon Guardian Golem    Hex/Summ       9%         N/A       24%         3
 Summon Lightning Spire   Summ/Air       9%         N/A       61%         4


Dungeon Overview and Level Annotations

Branches:
Dungeon (1/15)

Altars:


Innate Abilities, Weirdness & Mutations

You are amphibious.
You cover ground slowly.
You can hop short distances.
You have an extended range of vision and can be seen from far away.


Message History

The hobgoblin barely misses you.
You see here 6 gold pieces.
You barely miss the hobgoblin. The hobgoblin misses you.
You hit the hobgoblin but do no damage. The bat barely misses you.
The hobgoblin hits you.
You barely miss the hobgoblin. The bat misses you. The hobgoblin hits you.
The bat closely misses you.
You hit the hobgoblin.
The hobgoblin is severely wounded.
The bat barely misses you. The hobgoblin closely misses you.
You hit the hobgoblin but do no damage.
The hobgoblin is severely wounded.
The bat closely misses you. The bat misses you.
The hobgoblin barely misses you. The rat bites you but does no damage.
You barely miss the hobgoblin.
The hobgoblin is severely wounded.
The bat misses you. The bat closely misses you.
The hobgoblin completely misses you. The rat barely misses you.
You closely miss the hobgoblin.
The hobgoblin is severely wounded.
The bat barely misses you. The hobgoblin hits you. The rat bites you.
You hit the hobgoblin but do no damage.
The hobgoblin is severely wounded.
The bat misses you. The bat closely misses you.
The hobgoblin barely misses you. The rat closely misses you.
You closely miss the hobgoblin.
The hobgoblin is severely wounded.
The bat closely misses you.
The hobgoblin hits you but does no damage.
The rat bites you but does no damage.
You barely miss the hobgoblin.
The hobgoblin is severely wounded.
The bat closely misses you. The hobgoblin hits you. The rat barely misses you.
The hobgoblin hits you.
* * * LOW HITPOINT WARNING * * *
You closely miss the hobgoblin.
The hobgoblin is heavily wounded.
A bat comes into view.
The rat bites you.
You die...

#>.##.........#
#..##########.#######
###†.# #........#
..#..#########..#####.##
#...............# ###...
...############.##.....#
#..########........#
#...........###b#..#
##.######## #.@..# #.#
#.rg#.......
##.##########.##..^...(##
#............. ._..##..#
#..########## ###.# ..#
...# .# .# ...# .# ##.# #
#.#


You could see a hobgoblin, a bat and a rat.

Vanquished Creatures
  A ball python (D:1)
  A bat (D:1)
  2 frilled lizards (D:1)
4 creatures vanquished.

Notes
Turn   | Place    | Note
-------+----------+-------------------------------------------
     0 | D:1      | combatraven the Barachi Summoner began the quest for the
                  | Orb.
     0 | D:1      | Reached XP level 1. HP: 13/13 MP: 3/3
     6 | D:1      | Noticed a polar bear
     6 | D:1      | Noticed a water moccasin
     6 | D:1      | Noticed a hog
     7 | D:1      | Noticed a rime drake
     7 | D:1      | Noticed a lindwurm
   145 | D:1      | Found a faded altar of an unknown god.
   147 | D:1      | Reached skill level 5 in Summonings
   163 | D:1      | Slain by a rat

Illustrated notes

Levels and vault maps discovered:
D:1:      onia_arrival_zoo_common, layout_loops_ring, basic_ecumenical_altar,
          minivault_24, fountainhead

Skill      XL: |  1 |
---------------+----+-----
Summonings     | 5 |  5.0
Maces & Flails | |  0.2
Dodging        | |  2.1
Stealth        | |  1.7
Spellcasting   | |  2.1

Action                   || total
-------------------------++-------
Melee: Whip              ||    23
 Stab: Sleeping          ||     1
Armor: Robe              ||     9
Dodge: Dodged            ||    33
